Map: Odyssey LE

Players

NeoVeoVII

  • Race: Protoss Protoss
  • League: Gold
  • Spawn Location: 5:00

eXile - Winner!

  • Race: Zerg Zerg
  • League: Gold
  • Spawn Location: 11:00

VOD

Have the link to the VOD?

Description

Time

  • Played on: May 16, 2017, 2:06 p.m.
  • Length: 14:10
Show
View Real Time Build Order
Export as new Build Order

NeoVeoVII Protoss 

Build Orders:  

Get SALT Encoding   

  12  0:01  Probe (Chrono Boost)  
  13  0:12  Probe (Chrono Boost)  
  14  0:23  Probe (Chrono Boost), Pylon  
  15  0:44  Gateway  
  15  0:45  Probe (Chrono Boost)  
  16  0:56  Probe (Chrono Boost)  
  17  0:58  Assimilator  
  17  1:05  Pylon  
  17  1:07  Probe (Chrono Boost)  
  18  1:12  Assimilator  
  18  1:17  Probe (Chrono Boost)  
  19  1:28  Probe (Chrono Boost)  
  20  1:38  Probe (Chrono Boost)  
  21  1:44  Cybernetics Core  
  21  1:49  Probe (Chrono Boost)  
  22  2:00  Probe (Chrono Boost)  
  23  2:02  Gateway  
  24  2:15  Probe (Chrono Boost), Warp Gate  
  24  2:23  Adept  
  24  2:26  Mothership Core (Chrono Boost)  
  28  2:34  Nexus  
  28  2:37  Pylon  
  28  2:49  Adept  
  30  2:55  Pylon, Adept  
  32  3:08  Pylon  
  32  3:14  Forge  
  32  3:15  Probe (Chrono Boost)  
  32  3:18  Adept  
  36  3:27  Probe (Chrono Boost)  
  36  3:34  Protoss Ground Armor Level 1  
  36  3:37  Robotics Facility  
  36  3:40  Probe (Chrono Boost)  
  37  3:43  Adept  
  39  4:01  Adept  
  41  4:10  Probe (Chrono Boost)  
  41  4:12  Probe (Chrono Boost)  
  41  4:16  Photon Cannon  
  43  4:21  Probe (Chrono Boost)  
  45  4:24  Probe (Chrono Boost)  
  45  4:33  Stalker  
  47  4:39  Warp Prism  
  47  4:44  Gateway  
  49  4:48  Stalker  
  49  4:51  Probe (Chrono Boost)  
  49  4:52  Probe (Chrono Boost)  
  53  5:09  Probe (Chrono Boost)  
  53  5:10  Probe (Chrono Boost)  
  55  5:15  Stargate  
  56  5:22  Probe (Chrono Boost)  
  56  5:26  Probe (Chrono Boost)  
  57  5:29  Adept x2  
  57  5:35  Probe (Chrono Boost)  
  46  5:50  Adept x3  
  32  6:25  Probe (Chrono Boost)  
  22  6:26  Probe (Chrono Boost), Adept x3  
  25  6:39  Probe (Chrono Boost)  
  20  6:51  Probe (Chrono Boost), Warp Prism  
  22  7:03  Probe (Chrono Boost)  
  22  7:04  Adept x3  
  26  7:14  Probe (Chrono Boost)  
  27  7:21  Protoss Ground Weapons Level 1  
  27  7:25  Probe (Chrono Boost)  
  26  7:35  Probe (Chrono Boost)  
  25  7:51  Stalker  
  25  7:52  Stalker  
  29  8:10  Adept  
  29  8:11  Probe (Chrono Boost)  
  32  8:27  Photon Cannon  
  32  8:31  Probe (Chrono Boost)  
  33  8:48  Adept  
  35  8:50  Observer  
  35  8:53  Probe (Chrono Boost)  
  37  9:04  Probe (Chrono Boost)  
  38  9:17  Adept x2  
  42  9:27  Adept  
  38  9:49  Stalker x3  
  36  10:04  Probe (Chrono Boost)  
  37  10:14  Probe (Chrono Boost), Stalker  
  40  10:25  Probe (Chrono Boost)  
  40  10:26  Sentry  
  43  10:30  Stalker  
  46  10:35  Probe (Chrono Boost)  
  46  10:48  Photon Cannon  
  46  11:11  Pylon  
  46  11:15  Pylon  
  46  11:18  Pylon  
  45  11:33  Twilight Council  
  45  11:51  Photon Cannon  
  45  11:56  Stalker  
  47  12:09  Stalker  
  49  12:16  Probe (Chrono Boost)  
  50  12:27  Observer  
  51  12:30  Stalker  
  53  12:45  Stalker  
  55  12:56  Stalker  
  57  13:11  Dark Shrine  
  55  13:28  Stalker  
  35  13:41  Stalker  
  27  13:52  Mothership Core (Chrono Boost)  
Show
View Real Time Build Order
Export as new Build Order

eXile Zerg - Winner!

Build Orders: Hatch First 

Get SALT Encoding   

  12  0:02  Drone  
  13  0:17  Overlord  
  13  0:19  Drone  
  14  0:36  Drone x2  
  14  0:41  Drone  
  17  0:56  Hatchery  
  16  1:03  Drone x2  
  18  1:06  Extractor  
  17  1:18  Spawning Pool  
  17  1:22  Drone  
  17  1:31  Drone  
  18  1:47  Drone x2  
  20  2:07  Zergling x4  
  20  2:08  Metabolic Boost  
  22  2:09  Queen x2  
  26  2:18  Drone x2  
  28  2:28  Overlord  
  28  2:35  Overlord  
  28  2:48  Queen  
  28  2:51  Pneumatized Carapace  
  30  2:59  Drone x5  
  35  3:11  Zergling x6  
  38  3:33  Spore Crawler, Queen  
  39  3:35  Spore Crawler  
  39  3:38  Drone x5  
  39  3:39  Drone  
  44  3:49  Overlord x2  
  44  3:50  Overlord  
  44  4:06  Overlord  
  44  4:07  Queen  
  46  4:12  Zergling x6  
  46  4:13  Zergling x4  
  51  4:39  Zergling x16  
  51  4:43  Hatchery  
  58  4:53  Lair  
  58  4:55  Drone  
  58  4:56  Drone x4  
  58  4:58  Extractor  
  62  5:00  Extractor x2  
  62  5:02  Evolution Chamber x2  
  62  5:04  Zergling x2  
  59  5:24  Drone x3  
  59  5:25  Drone x5  
  65  5:39  Zergling x2  
  65  5:40  Zergling x6  
  67  5:51  Zergling x4  
  67  5:55  Zerg Ground Armor Level 1, Zerg Melee Weapons Level 1  
  67  6:02  Zergling x10  
  67  6:03  Zergling x4  
  68  6:12  Zergling x4  
  65  6:28  Zergling x2  
  65  6:29  Zergling x8  
  64  6:36  Zergling x2  
  62  6:46  Zergling x4  
  62  6:52  Zergling x2  
  59  7:07  Spire  
  57  7:09  Queen  
  57  7:12  Drone  
  57  7:13  Drone x6  
  66  7:42  Extractor, Drone  
  66  7:43  Extractor, Drone x9  
  74  7:56  Zerg Melee Weapons Level 2  
  74  8:00  Hatchery, Zerg Ground Armor Level 2  
  74  8:02  Hatchery  
  72  8:06  Zergling x6  
  75  8:27  Overlord x3  
  75  8:49  Zerg Flyer Armor Level 1  
  75  8:53  Drone x4  
  75  8:54  Drone x3  
  82  9:14  Mutalisk x2, Zergling x12  
  82  9:15  Mutalisk x5  
  98  9:35  Mutalisk x5  
  98  9:36  Mutalisk  
  109  9:52  Overlord x4  
  109  10:06  Overlord x3  
  109  10:14  Drone x6  
  112  10:15  Drone x4  
  119  10:33  Overseer  
  119  10:35  Mutalisk x6  
  131  11:05  Zergling x2  
  131  11:06  Zergling x32  
  148  11:14  Drone  
  148  11:17  Extractor  
  148  11:26  Mutalisk x4  
  148  11:27  Mutalisk  
  148  11:30  Overlord x4  
  158  12:14  Infestation Pit  
  157  12:39  Overlord x2  
  157  12:41  Drone x5  
  162  12:50  Hive  
  136  13:38  Zergling x2  
  136  13:39  Zergling x38  
  136  13:40  Zergling x14  
  141  13:53  Zergling x2  
Tags
 
League
GoldGold
Matchup
PvZ
Spawn Locations
Cross Positions
Add a new tag
Caveats
  • Supply blocks, unpowered buildings, or Contaminate may cause inaccurate times.
  • Supply counts are checked every 10 seconds.